 Dungeon Crawl Stone Soup version 0.28-a0-206-gc2c9e32840 (webtiles) character file.

Game seed: 17543717836475045977

429 senseless the Magician (level 6, -8/33 HPs)
             Began as a Deep Elf Wanderer on Aug 20, 2021.
             Was a Believer of Qazlal.
             Mangled by an ogre (10 damage)
             ... on level 5 of the Dungeon.
             The game lasted 00:17:05 (6015 turns).

senseless the Magician (Deep Elf Wanderer)          Turns: 6015, Time: 00:17:06

Health: -8/33      AC:  5    Str:  9    XL:     6   Next: 66%
Magic:  16/17      EV: 12    Int: 27    God:    Qazlal [**....]
Gold:   101        SH:  2    Dex: 12    Spells: 10/17 levels left

rFire   . . .      SeeInvis .   a - +4 dagger (venom)
rCold   . . .      Faith    .   (no shield)
rNeg    . . .      Spirit   .   c - +0 robe
rPois   .          Reflect  .   f - +1 helmet
rElec   .          Harm     .   (no cloak)
rCorr   .          Rampage  .   s - +0 pair of gloves
Will    .....                   (no boots)
Stlth   ++........              (no amulet)
HPRegen 0.11/turn               r - +6 ring of intelligence
MPRegen 0.15/turn               (no ring)

@: no status effects
A: no striking features
a: Renounce Religion, Upheaval


You were on level 5 of the Dungeon.
You worshipped Qazlal.
Qazlal was pleased with you.
You visited 1 branch of the dungeon, and saw 5 of its levels.

You collected 215 gold pieces.
You spent 114 gold pieces at shops.

Inventory:

Hand Weapons
 a - a +4 dagger of venom (weapon)
 l - a +2 dagger
Missiles
 o - 3 curare-tipped darts
Armour
 c - a +0 robe (worn)
 f - a +1 helmet (worn)
 s - a +0 pair of gloves (worn)
Magical Staves
 b - a staff of air
Jewellery
 r - a +6 ring of intelligence (left hand)
Scrolls
 i - 2 scrolls of amnesia
 t - a scroll of fog
 u - a scroll of teleportation
Potions
 d - a potion of ambrosia
 e - 2 potions of curing
 g - a potion of attraction
 h - a potion of heal wounds
 j - 2 potions of invisibility
 k - a potion of cancellation
 m - a potion of brilliance {unknown}
 n - a potion of haste {unknown}
 p - a potion of mutation {unknown}
 q - a potion of berserk rage {unknown}


   Skills:
 + Level 0.6 Fighting
 + Level 1.9 Short Blades
 + Level 1.0 Throwing
 + Level 1.6 Dodging
 + Level 2.1 Stealth
 + Level 6.4 Spellcasting
 + Level 1.2 Necromancy
 + Level 4.8 Air Magic
 + Level 3.2 Poison Magic


You had 10 spell levels left.
You knew the following spells:

 Your Spells              Type           Power      Damage    Failure   Level
a - Poisonous Vapours     Pois/Air       60%        N/A       1%          2
b - Static Discharge      Conj/Air       21%        N/A       3%          2
d - Call Canine Familiar  Summ           8%         N/A       19%         3

Your spell library contained the following spells:

 Spells                   Type           Power      Damage    Failure   Level
 Animate Skeleton         Necr           30%        N/A       3%          1
 Apportation              Tloc           16%        N/A       6%          1
 Corona                   Hex            8%         N/A       6%          1
 Summon Small Mammal      Summ           32%        N/A       6%          1
 Blink                    Tloc           N/A        N/A       10%         2
 Lesser Beckoning         Tloc           4%         N/A       19%         3
 Summon Guardian Golem    Hex/Summ       8%         N/A       19%         3
 Manifold Assault         Tloc           8%         N/A       86%         5
 Summon Forest            Summ/Tloc      4%         N/A       86%         5
 Eringya's Noxious Bog    Tmut/Pois      8%         N/A       99%         6
 Summon Hydra             Summ           4%         N/A       100%        7


Dungeon Overview and Level Annotations

Branches:
Dungeon (5/15)
 Temple: D:4-7

Altars:
Dithmenos
Qazlal
Trog
Yredelemnul

Shops:
D:4 ?


Message History

The ogre shouts!
You hit the phantom.
The phantom is lightly damaged.
You hit the phantom but do no damage.
The phantom is lightly damaged.
The phantom hits you.
The phantom blinks!
You blink.
The iguana bites the plant!
You hit the phantom.
The phantom is moderately damaged.
You kill the iguana!
Qazlal accepts your kill. The phantom hits you.
You hit the phantom.
The phantom is moderately damaged.
A nearby plant withers and dies.
The phantom is engulfed in freezing vapours.
The phantom hits you but does no damage.
You hit the phantom.
The phantom is heavily damaged.
The phantom is engulfed in freezing vapours.
The phantom hits you!
* * * LOW HITPOINT WARNING * * *
You closely miss the gnoll.
The gnoll is almost dead.
The phantom is engulfed in freezing vapours.
The phantom hits you but does no damage.
The gnoll hits you with a +0 flail.
* * * LOW HITPOINT WARNING * * *
You hit the phantom.
The phantom is severely damaged.
You kill the gnoll!
Qazlal accepts your kill.
The phantom is engulfed in freezing vapours.
The phantom hits you but does no damage.
The phantom hits you but does no damage.
The phantom hits you.
* * * LOW HITPOINT WARNING * * *
The phantom blinks!
You blink.
The ogre hits you with a +0 giant spiked club!
You die...

.PPP#.P.##.♣P....
P..PP.P..PP. ♣..#
.P..P.P♣.P♣. ..# ..
.......♣.P ..# ♣...
#...P..♣♣###.# .....
#.......♣....#
.....###....P.♣♣.P..#####
.........WP....♣P♣......#
.......P♣@O.....♣..####.#
8.8..P♣P..♣...§§...# #<#
♣...♣♣PP♣..#.## ###
.....§♣?♣♣P♣♣...#...
♣...P♣.♣♣..♣P...#.###
P..P ♣P ♣.♣..♣......# ..P
P♣ ♣.♣♣...♣.♣..# P. ♣.
§♣§..♣♣..♣..# . .♣ P♣
♣♣.♣ ♣..#.#


You could see a phantom and an ogre.

Vanquished Creatures
  A scorpion (D:4)
  2 hounds (D:5)
  A bullfrog skeleton (D:4)
  A centaur skeleton (D:4)
  Ijyb (D:3)
  An iguana (D:5)
  An orc wizard (D:4)
  2 hound skeletons (D:4)
  Robin (D:2)
  3 gnolls (D:5)
  An adder (D:2)
  A river rat (D:5)
  A shadow imp (D:5)
  An ufetubus (D:5)
  2 worms (D:2)
  2 dart slugs
  5 orcs (D:4)
  4 ball pythons
  7 endoplasms
  3 giant cockroaches
  13 goblins
  6 hobgoblins
  4 jackals
  4 kobolds
  4 quokkas
  4 bats
  2 rats
78 creatures vanquished.

Vanquished Creatures (collateral kills)
  An endoplasm (D:2)
1 creature vanquished.

Vanquished Creatures (others)
  20 plants (D:5)
20 creatures vanquished.

Grand Total: 99 creatures vanquished

Notes
Turn   | Place    | Note
-------+----------+-------------------------------------------
     0 | D:1      | senseless the Deep Elf Wanderer began the quest for the
                  | Orb.
     0 | D:1      | senseless set off with the following items: a +2 dagger, 3
                  | curare-tipped darts, a +0 robe; and the following spells
                  | available to memorise: Poisonous Vapours, Static Discharge
     0 | D:1      | Reached XP level 1. HP: 10/10 MP: 7/7
   534 | D:1      | Reached XP level 2. HP: 15/15 MP: 9/9
   537 | D:1      | Learned a level 2 spell: Poisonous Vapours
   540 | D:1      | Learned a level 2 spell: Static Discharge
   955 | D:1      | Reached skill level 5 in Spellcasting
  1147 | D:2      | Learned a level 1 spell: Summon Small Mammal
  1524 | D:2      | Reached XP level 3. HP: 17/19 MP: 5/11
  2053 | D:2      | Found a faded altar of an unknown god.
  2120 | D:2      | Became a worshipper of Qazlal Stormbringer
  2120 | D:2      | Reached * piety under Qazlal
  2656 | D:2      | Noticed Robin
  2706 | D:2      | Killed Robin
  2707 | D:2      | Reached XP level 4. HP: 8/24 MP: 1/13
  3731 | D:3      | Noticed Ijyb
  3757 | D:3      | Killed Ijyb
  3758 | D:3      | Reached skill level 1 in Dodging
  3995 | D:3      | Learned a level 3 spell: Call Canine Familiar
  4037 | D:3      | Found a shadowy altar of Dithmenos.
  4046 | D:3      | Found a bloodstained altar of Trog.
  4049 | D:3      | Found a basalt altar of Yredelemnul.
  4563 | D:4      | Reached skill level 6 in Spellcasting
  4563 | D:4      | Reached XP level 5. HP: 19/28 MP: 8/15
  4674 | D:4      | Reached skill level 1 in Short Blades
  4765 | D:4      | Found Foen's Magic Scroll Shoppe.
  4864 | D:4      | Bought a scroll of identify for 24 gold pieces
  4864 | D:4      | Bought a scroll of enchant armour for 90 gold pieces
  4926 | D:4      | Reached ** piety under Qazlal
  5191 | D:4      | Reached XP level 6. HP: 29/32 MP: 17/17
  5563 | D:5      | Entered Level 5 of the Dungeon
  6015 | D:5      | Mangled by an ogre

Illustrated notes

Levels and vault maps discovered:
D:1:      evilmike_arrival_plus, layout_basic
D:2:      layout_basic, shapermc_ecumenical_altar_notcrosses, uniq_robin
D:3:      layout_basic, mainiacjoe_overflow_six_doors_small,
          chequers_temple_overflow_statue_of_worship, uniq_ijyb
D:4:      layout_rooms, serial_shops, nicolae_shop_crystal,
          minmay_goblin_kobold_house
D:5:      wad_woods_settlement, layout_basic, lemuel_tele_altar,
          nicolae_shop_clearance, uniq_pikel, uniq_crazy_yiuf_cottage

Skill      XL: |  1  2  3  4  5 |
---------------+----------------+-----
Spellcasting   | 5 6 |  6.4
Dodging        | 1 |  1.6
Poison Magic   | 2 3 |  3.2
Short Blades   | 1 |  1.9
Stealth        | 2 |  2.1
Air Magic      | 4 |  4.8
Fighting       | |  0.6
Throwing       | |  1.0
Necromancy     | |  1.2

Action                   |  1- 3 |  4- 6 || total
-------------------------+-------+-------++-------
Melee: Dagger            |    77 |   107 ||   184
 Cast: Poisonous Vapours |    49 |    52 ||   101
       Summon Small Mamm |     2 |       ||     2
       Static Discharge  |     2 |       ||     2
  Use: Scroll            |       |    12 ||    12
 Stab: Sleeping          |     3 |       ||     3
Armor: Robe              |    14 |    23 ||    37
Dodge: Dodged            |    23 |    43 ||    66
Block: Other             |     1 |     8 ||     9

Table legend: (Time is in decaauts)
 A = Elapsed time spent in this place.
 B = Non-inter-level travel time spent in this place.
 C = Inter-level travel time spent in this place.
 D = Time resting spent in this place.
 E = Time spent auto-exploring this place.
 F = Levels seen in this place.
 G = Mean time per level.
                   A        B        C        D        E       F      G
               +--------+--------+--------+--------+--------+-----+--------+
         Total |   6007 |   5811 |    196 |    557 |   4599 |   5 | 1201.4 |
       Dungeon |   6007 |   5811 |    196 |    557 |   4599 |   5 | 1201.4 |
               +--------+--------+--------+--------+--------+-----+--------+

Top non-repeatable levels by time:
     D:2: 2478 daAuts
     D:4: 1277 daAuts
     D:1: 1143 daAuts
     D:3: 923 daAuts
     D:5: 185 daAuts
